 Dungeon Sprint DCSS version 0.27.0-65-ge2af304b15 (webtiles) character file.

Game seed: 14669702693943235622

4549 ABBCCCDDDD the Cleaver (level 10, -2/113 HPs)
             Began as a Minotaur Berserker on Aug 18, 2021.
             Was a High Priest of Trog.
             Slain by a death yak (7 damage)
             ... in the Dungeon (Sprint II: "The Violet Keep of Menkaure").
             The game lasted 00:04:50 (831 turns).

ABBCCCDDDD the Cleaver (Minotaur Berserker)          Turns: 831, Time: 00:04:51

Health: -2/113     AC: 22    Str: 30    XL:     10   Next: 17%
Magic:  9/9        EV: 14    Int:  5    God:    Trog [*****.]
Gold:   83         SH:  6    Dex: 10    Spells: 9/9 levels left

rFire    . . .     SeeInvis +   e - +4 broad axe (flame)
rCold    + . .     Faith    .   j - +2 buckler of Hubris {Stlth+}
rNeg     . . .     Spirit   .   i - +1 chain mail {rC+}
rPois    .         Reflect  .   (helmet restricted)
rElec    .         Harm     .   (no cloak)
rCorr    .         Rampage  +   c - +2 pair of gloves {Str+3}
Will     ++...     NoTele   +   k - +2 pair of boots {rampage}
Stlth    ..........             (no amulet)
HPRegen  1.28/turn              l - ring of the Octopus King {AC+1 EV+1 Str+1 Int+1 Dex+1 SInv}
MPRegen  0.11/turn              (no ring)

@: strong-willed, on berserk cooldown, regenerating, slowed, very slow
A: horns 2, retaliatory headbutt, robust 1
a: Renounce Religion, Berserk, Trog's Hand, Brothers in Arms


You were in the Dungeon.
You worshipped Trog.
Trog was extremely pleased with you.
You visited 1 branch You collected 1895 gold pieces.
You spent 1812 gold pieces at shops.

Inventory:

Hand Weapons
 a - a +0 hand axe
 d - a +5 executioner's axe
 e - a +4 broad axe of flaming (weapon)
Armour
 b - a +0 animal skin
 c - a +2 pair of gloves of strength (worn)
 i - a +1 chain mail of cold resistance (worn)
 j - the +2 buckler of Hubris (worn) {Stlth+}
   (You bought it in a shop in the Dungeon)

   Stlth:     It makes you more stealthy.
 k - a +2 pair of boots of rampaging (worn)
Jewellery
 l - a ring of the Octopus King (left hand) {AC+1 EV+1 Str+1 Int+1 Dex+1 SInv}
   (You bought it in a shop in the Dungeon)

   [ring of see invisible]

   AC:        It affects your AC (+1).
   EV:        It affects your evasion (+1).
   Str:       It affects your strength (+1).
   Int:       It affects your intelligence (+1).
   Dex:       It affects your dexterity (+1).
   SInv:      It lets you see invisible.
Potions
 f - 2 potions of magic
 g - a potion of berserk rage


   Skills:
 + Level 14.2 Fighting
 + Level 14.2 Axes
 + Level 14.1 Armour
 + Level 13.0 Dodging
 - Level 4.0 Shields


You had 9 spell levels left.
You didn't know any spells.
Your spell library was empty.

Dungeon Overview and Level Annotations

Branches:
Dungeon (1/1)

Altars:

Shops:
D =*:!:?([=(:[[![

Annotations:
D exclusions: obsidian statue and oklob plant


Innate Abilities, Weirdness & Mutations

You have a pair of horns on your head.
You reflexively headbutt those who attack you in melee.
You are robust. (+10% HP)


Message History

You slash the flying skull!
The flying skull is heavily damaged.
The flying skull hits you but does no damage.
You hit the flying skull but do no damage.
The flying skull is heavily damaged.
The flying skull hits you but does no damage.
Press: ? - help, v - describe, . - travel, g - get item Item here: a +4 broad axe of flaming.
The floor, spattered with blood.
Unknown command.
e - a +4 broad axe of flaming The flying skull hits you but does no damage. x2
You block the flying skull's attack.
Your +4 broad axe of flaming bursts into flame!
e - a +4 broad axe of flaming (weapon)
The flying skull hits you but does no damage.
You closely miss the flying skull. Your headbutt misses the flying skull.
The flying skull is heavily damaged.
The flying skull hits you but does no damage. x2
You closely miss the flying skull.
The flying skull is heavily damaged.
The flying skull hits you but does no damage.
The flying skull hits you!
* * * LOW HITPOINT WARNING * * *
You closely miss the flying skull. Your headbutt misses the flying skull.
The flying skull is heavily damaged.
You block the flying skull's attack.
Okay, then.
You hit the death yak. You burn the death yak. You headbutt the death yak!
The death yak is moderately wounded.
You slash the death yak! You burn the death yak. You headbutt the death yak!
The death yak is heavily wounded.
The death yak gores you!
* * * LOW HITPOINT WARNING * * *
You slash the death yak! You burn the death yak. You headbutt the death yak.
The death yak is severely wounded.
The death yak closely misses you. You furiously retaliate!
You headbutt the death yak, but do no damage.
The death yak gores you!
You die... c@.≈## ○zzz○#

############≈≈#+++#zz'##
###########≈≈≈....zzz..#
##∩.......#≈≈≈≈.##'##..#
##.∩.....∩#≈≈≈≈###..## #
##∩.∩...∩.#≈≈≈≈#.##..#
##.∩.∩...∩#≈≈####.#.####
##..∩.∩.∩.#K##.# #'###.##
##...∩.∩.@#z#..###.##.#.#.
##....⌠...Yz'##.'.<.'##.'.
##........#≈#..###.###..#.
#▓▓▓▓▓▓▓###≈##.###†###.##.
##$Dh######≈≈####.†.###
#)=h#G ##≈≈≈#..#..# #∩P=+.
+#≈##.#.## #($$ ? ≈≈##'##
≈≈ °≈


You could see a fire dragon, a death yak, a skeletal warrior, an oklob plant, 2
polar bears, a kobold demonologist and a flying skull.

Levels and vault maps discovered:
D:        the_violet_keep_of_menkaure [sprint2_stairs_cluster_1,
          sprint2_shoproom, sprint2_temple, sprint2_basic_supplies,
          sprint2_obstacle_3, sprint2_obstacle_4, sprint2_obstacle_1,
          sprint2_obstacle_6, sprint2_obstacle_7, sprint2_timed_cluster_1,
          sprint2_smallroom_cluster_1, sprint2_smallroom_final_cluster_1,
          sprint2_transparent_cluster_1, sprint2_second_timed_cluster_1,
          sprint2_sniper_area_1, sprint2_heavy_combat_area_1,
          sprint2_mutation_trap_area_1, sprint2_forest_area_1,
          sprint2_light_combat_area_1, sprint2_behind_water_1,
          sprint2_near_end_vault_1]

Notes
Turn   | Place    | Note
-------+----------+-------------------------------------------
     0 | D        | ABBCCCDDDD the Minotaur Berserker began the quest for the
                  | Orb.
     0 | D        | Reached XP level 1. HP: 19/19 MP: 0/0
     1 | D        | Noticed a scorpion
     1 | D        | Noticed a scorpion
     7 | D        | Killed a scorpion
     8 | D        | Reached skill level 5 in Fighting
     8 | D        | Reached skill level 5 in Axes
     8 | D        | Reached XP level 2. HP: 30/30 MP: 1/1
     8 | D        | Reached XP level 3. HP: 37/37 MP: 2/2
    12 | D        | Killed a scorpion
    13 | D        | Reached skill level 5 in Dodging
    13 | D        | Reached XP level 4. HP: 45/45 MP: 3/3
    55 | D        | Killed a water moccasin
    62 | D        | Noticed a scorpion
    62 | D        | Noticed a scorpion
    70 | D        | Killed a scorpion
    70 | D        | Reached ** piety under Trog
    71 | D        | Reached XP level 5. HP: 19/52 MP: 4/4
   288 | D        | Found Tazeidiw's Book Shop.
   288 | D        | Found Raycaaz's Jewellery Boutique.
   288 | D        | Found Gurphur's Antique Armour Shop.
   288 | D        | Found Jaemidekoz's Antique Weapon Boutique.
   288 | D        | Found Jaer's Antique Armour Shop.
   288 | D        | Found Zabuzep's Antique Armour Shop.
   288 | D        | Found Aseucom's Armour Boutique.
   288 | D        | Found Ciedeet's Distillery.
   301 | D        | Reached *** piety under Trog
   356 | D        | Noticed a neqoxec
   362 | D        | Gained mutation: You are robust. (+10% HP) [a neqoxec]
   364 | D        | Killed a neqoxec
   365 | D        | Reached XP level 6. HP: 65/69 MP: 5/5
   392 | D        | Noticed a neqoxec
   400 | D        | Killed a neqoxec
   437 | D        | Killed a neqoxec
   437 | D        | Noticed Menkaure
   438 | D        | Noticed a flying skull
   438 | D        | Noticed a flying skull
   438 | D        | Noticed a flying skull
   438 | D        | Noticed a flying skull
   438 | D        | Noticed a flying skull
   438 | D        | Noticed a flying skull
   439 | D        | Noticed a flying skull
   439 | D        | Noticed a neqoxec
   439 | D        | Noticed a flying skull
   440 | D        | Noticed a flying skull
   441 | D        | Killed Menkaure
   441 | D        | Reached **** piety under Trog
   441 | D        | Noticed a flying skull
   442 | D        | Reached XP level 7. HP: 70/78 MP: 6/6
   446 | D        | Noticed a flying skull
   448 | D        | Killed a neqoxec
   449 | D        | Reached skill level 10 in Fighting
   449 | D        | Reached skill level 10 in Axes
   596 | D        | Reached skill level 10 in Armour
   602 | D        | Reached ***** piety under Trog
   641 | D        | Noticed an obsidian statue
   651 | D        | Found Cegh's Antique Weapon Shop.
   651 | D        | Found Bouth's Magic Scroll Boutique.
   652 | D        | Noticed a polar bear
   653 | D        | Found Lubepp's Book Boutique.
   653 | D        | Found Nypistue's Distillery.
   653 | D        | Noticed a polar bear
   653 | D        | Noticed an oklob plant
   654 | D        | Found Xuiniv's General Store.
   654 | D        | Found Lerruowk's Jewellery Boutique.
   654 | D        | Found Memik's Book Shoppe.
   654 | D        | Noticed a fire dragon
   667 | D        | Noticed a great orb of eyes
   679 | D        | Bought a scroll of acquirement for 728 gold pieces
   679 | D        | Acquired 923 gold pieces
   682 | D        | Bought a pair of embroidered gloves for 180 gold pieces
   692 | D        | Bought a glowing chain mail for 112 gold pieces
   692 | D        | Bought a warped buckler for 142 gold pieces
   692 | D        | Identified the +2 buckler of Hubris {Stlth+} (You bought it
                  | in a shop in the Dungeon)
   708 | D        | Bought a pair of runed boots for 210 gold pieces
   717 | D        | Bought a ring of the Octopus King {AC+1 EV+1 Str+1 Int+1
                  | Dex+1 SInv} for 440 gold pieces
   717 | D        | Found the ring of the Octopus King {AC+1 EV+1 Str+1 Int+1
                  | Dex+1 SInv}
   737 | D        | Noticed a flying skull
   747 | D        | Noticed Kirke
   747 | D        | Noticed a yaktaur captain
   747 | D        | Noticed a skeletal warrior
   748 | D        | Noticed a centaur warrior
   754 | D        | Noticed a kobold demonologist
   769 | D        | Killed a flying skull
   770 | D        | Reached skill level 10 in Dodging
   770 | D        | Reached XP level 8. HP: 41/90 MP: 7/7
   771 | D        | Noticed a lindwurm
   775 | D        | Killed Kirke
   776 | D        | Reached XP level 9. HP: 30/101 MP: 8/8
   790 | D        | Received a gift from Trog
   799 | D        | Killed a centaur warrior
   805 | D        | Reached XP level 10. HP: 41/112 MP: 9/9
   819 | D        | Received a gift from Trog
   820 | D        | Noticed a death yak
   830 | D        | HP: 3/113 [death yak (14)]
   831 | D        | Slain by a death yak

Table legend: (Time is in decaauts)
 A = Elapsed time spent in this place.
 B = Non-inter-level travel time spent in this place.
 C = Inter-level travel time spent in this place.
 D = Time resting spent in this place.
 E = Time spent auto-exploring this place.
 F = Levels seen in this place.
 G = Mean time per level.
                   A        B        C        D        E       F      G
               +--------+--------+--------+--------+--------+-----+--------+
         Total |    883 |    877 |      6 |    592 |      0 |   1 |  883.0 |
       Dungeon |    883 |    877 |      6 |    592 |      0 |   1 |  883.0 |
               +--------+--------+--------+--------+--------+-----+--------+

Top non-repeatable levels by time:
       D: 883 daAuts

Table legend:
 A = Kills in this place as a percentage of kills in entire the game.
 B = Kills by you in this place as a percentage of kills by you in the entire game.
 C = Kills by friends in this place as a percentage of kills by friends in the entire game.
 D = Other kills in this place as a percentage of other kills in the entire game.
 E = Experience gained in this place as a percentage of experience gained in the entire game.
 F = Experience gained in this place divided by the number of levels of this place that you have seen.
                   A       B       C       D       E      F
               +-------+-------+-------+-------+-------+----------------------
         Total | 100.0 | 100.0 |   N/A |   N/A | 100.0 | 6499.0
       Dungeon | 100.0 | 100.0 |   N/A |   N/A | 100.0 | 6499.0
               +-------+-------+-------+-------+-------+----------------------

Action                   |  1- 3 |  4- 6 |  7- 9 | 10-12 || total
-------------------------+-------+-------+-------+-------++-------
Melee: Hand axe          |     8 |    21 |    61 |    17 ||   107
       Headbutt          |     1 |     4 |    14 |     6 ||    25
       Broad axe         |       |       |       |     6 ||     6
Invok: Berserk           |     1 |     4 |     3 |       ||     8
       Trog's Hand       |       |       |     3 |     1 ||     4
  Use: Potion            |       |     1 |     2 |       ||     3
       Scroll            |       |       |     2 |       ||     2
Armor: Chain mail        |       |       |    27 |    11 ||    38
Dodge: Dodged            |     6 |     8 |    35 |    14 ||    63
Block: Buckler           |       |       |    17 |     4 ||    21

Vanquished Creatures
  Kirke (D)
  A centaur warrior (D)
  10 flying skulls (D)
  Menkaure (D)
  3 neqoxecs (D)
  4 necrophages (D)
  4 scorpions (D)
  3 worms (D)
27 creatures vanquished.

Vanquished Creatures (others)
  A neqoxec (D)
  A water moccasin (D)
2 creatures vanquished.

Grand Total: 29 creatures vanquished
